 Dungeon Crawl Stone Soup version 0.29-a0-330-g52719c12eb (webtiles) character file.

Game seed: 15120665062683650877

42 Crownlay the Insei (level 3, 0/23 HPs)
             Began as an Octopode Transmuter on May 7, 2022.
             Slain by an adder (2 damage)
             ... on level 2 of the Dungeon.
             The game lasted 00:05:33 (1884 turns).

Crownlay the Insei (Octopode Transmuter)            Turns: 1884, Time: 00:05:33

Health: 0/23       AC:  1    Str:  6 (9)  XL:     3   Next: 54%
Magic:  5/6        EV: 13    Int: 16 (17) God:
Gold:   85         SH:  0    Dex: 10 (12) Spells: 2/6 levels left

rFire   . . .      SeeInvis .     - Unarmed
rCold   . . .      Faith    .   (no shield)
rNeg    . . .      Spirit   .   (helmet currently unavailable)
rPois   .          Reflect  .   (no amulet)
rElec   .          Harm     .   (no ring)
rCorr   .          Rampage  .   (no ring)
Will    .....                   (no ring)
Stlth   ++........              (no ring)
HPRegen 0.07/turn               (no ring)
MPRegen 0.10/turn               (no ring)
                                (no ring)
                                (no ring)

@: lethally poisoned (0 -> -5), appendages
A: tentacle spike 3, almost no armour, amphibious, 8 rings, camouflage 1,
gelatinous body 1, (nimble swimmer 1), tentacles
a: End Transformation


You were on level 2 of the Dungeon.
One of your tentacles had grown a beastly spike.
You visited 1 branch of the dungeon, and saw 2 of its levels.

You collected 85 gold pieces.


Innate Abilities, Weirdness & Mutations

One of your tentacles has grown a beastly spike.
You cannot wear most types of armour.
You are amphibious.
You can wear up to eight rings at the same time.
Your skin changes colour to match your surroundings (Stealth+).
Your rubbery body absorbs attacks. (AC +1, EV +1)
((You are camouflaged when in or above water. (Stealth+)))
You have tentacles for arms and can constrict up to eight enemies at once.


   Skills:
 - Level 1.0 Fighting
 - Level 2.0 Dodging
 + Level 3.3 Unarmed Combat
 + Level 2.3 Spellcasting
 * Level 2.8 Transmutations
 + Level 1.3 Poison Magic


You had 2 spell levels left.
You knew the following spells:

 Your Spells              Type           Power      Damage    Failure   Level
b - Beastly Appendage     Tmut           22%        N/A       6%          1
s - Spider Form           Tmut/Pois      8%         N/A       26%         3

Your spell library contained the following spells:

 Spells                   Type           Power      Damage    Failure   Level
 Wereblood                Tmut           11%        N/A       10%         2
 Shock                    Conj/Air       4%         1d3       21%         1
 Ice Form                 Ice/Tmut       6%         N/A       73%         4

Inventory:

Missiles
 d - 8 stones
 g - 2 javelins
 j - 3 datura-tipped darts
Scrolls
 c - 3 scrolls of identify {unknown}
Potions
 a - 2 potions of lignification {!q}
 b - a potion of might {unknown}
 f - a potion of mutation {unknown}
 h - a potion of invisibility {unknown}
 i - a potion of berserk rage {unknown}
 k - a potion of ambrosia {unknown}

Dungeon Overview and Level Annotations

Branches:
Dungeon (2/15)

Altars:

########
........
.########
........# ###
#### #######.#
#.. ...# #.#
#.##.#.# #.#
#.#....##.# #.#
#..@S.....# #.#
#[#....##.#
#.######.##.#.#
#........#
....#
##########
.....# # .....#
l..... ....##


You could see an adder and a frilled lizard.


Message History

You regained 10 hp, and now have 20/23 hp.
Your mp is fully restored (6).
Done exploring.
Okay, then.
You aren't carrying any pieces of jewellery.
Unknown command.
This spell is extremely dangerous to cast!
Memorise Spider Form, consuming 3 spell levels and leaving 2?
You start memorising the spell.
You continue memorising. x3
You finish memorising.
Spell assigned to 's'.
Done exploring.
Done exploring.
Done exploring.
(D) Dungeon
Where to? (? - help)
There is a stone staircase leading down here.
You climb downwards.
There is a stone staircase leading up here.
You now have 69 gold pieces (gained 17).
A kobold comes into view. It is wielding a +0 short sword.
One of your tentacles grows a vicious spike.
The kobold barely misses you.
HP[+1] MP[-1]
You lost 1 mp, and now have 5/6 mp.
You tentacle-slap the kobold.
You kill the kobold!
No target in view!
Your transformation is almost over.
Your tentacle spike disappears.
d - 8 stones (gained 5)
Things that are here:
a +0 short sword; a kobold corpse HP[+2] MP[+1]
Your hp is fully restored (23).
Your mp is fully restored (6).
c - 3 scrolls labelled MYKUIN QONWOE (gained 1)
You now have 85 gold pieces (gained 16).
A hobgoblin comes into view.
The hobgoblin shouts!
One of your tentacles grows a vicious spike.
MP[-1]
You lost 1 mp, and now have 5/6 mp.
The hobgoblin hits you.
You barely miss the hobgoblin. You grab the hobgoblin.
You pierce the hobgoblin.
You squeeze the hobgoblin.
You kill the hobgoblin!
No target in view!
HP[-5]
You take 5 damage, and now have 18/23 hp.
MASSIVE DAMAGE!! (PAUSE)
Your transformation is almost over.
Your tentacle spike disappears.
You see here a +0 pair of boots.
An adder comes into view.
HP[+2] MP[+1]
You regained 2 hp, and now have 20/23 hp.
Your mp is fully restored (6).
One of your tentacles grows a vicious spike.
The adder hisses angrily.
MP[-1]
You lost 1 mp, and now have 5/6 mp.
The adder bites you.
You are poisoned.
The adder poisons you!
HP[-3]
You take 3 damage, and now have 17/23 hp.
You tentacle-slap the adder. You grab the adder. You constrict the adder.
You feel sick. The adder bites you.
* * * LOW HITPOINT WARNING * * *
You are more poisoned.
The adder poisons you!
HP[-6]
You take 6 damage, and now have 11/23 hp.
MASSIVE DAMAGE!! (PAUSE)
You tentacle-slap the adder. You constrict the adder.
* * * LOW HITPOINT WARNING * * *
You feel sick. The adder bites you.
* * * LOW HITPOINT WARNING * * *
HP[-6]
You take 6 damage, and now have 5/23 hp.
MASSIVE DAMAGE!! (PAUSE)
You barely miss the adder. You constrict the adder.
* * * LOW HITPOINT WARNING * * *
You feel sick. The adder barely misses you.
A frilled lizard comes into view.
The adder closely misses you.
HP[-2]
You take 2 damage, and now have 3/23 hp.
Really quaff
a - 2 potions of lignification {!q}?
Really quaff the potion of lignification?
Okay, then.
Unknown command.
It was a potion of degeneration.
There was something very wrong with that liquid.
You feel weakened.
You feel dopey.
You feel clumsy.
You constrict the adder.
* * * LOW HITPOINT WARNING * * *
You feel sick.
The frilled lizard hisses angrily.
The adder bites you.
You die...

Skill      XL: |  1  2 |
---------------+-------+-----
Poison Magic   | 1 |  1.3
Fighting       | |  1.0
Dodging        | |  2.0
Unarmed Combat | |  3.3
Spellcasting   | |  2.3
Transmutations | |  2.8

Action                   || total
-------------------------++-------
Melee: Unarmed           ||    91
       Kick              ||    24
       Constrict         ||    23
       Tentacles         ||    13
       Punch             ||     2
 Cast: Beastly Appendage ||    31
  Use: Potion            ||     1
 Stab: Sleeping          ||     3
Armor: Skin              ||    12
Dodge: Dodged            ||    78

Levels and vault maps discovered:
D:1:      saegor_arrival_simple_c, layout_basic,
          shapermc_ecumenical_altar_rom_forum
D:2:      layout_loops_ring, basic_altar, grunt_decor_cap, uniq_jessica

Notes
Turn   | Place    | Note
-------+----------+-------------------------------------------
     0 | D:1      | Crownlay the Octopode Transmuter began the quest for the
                  | Orb.
     0 | D:1      | Reached XP level 1. HP: 13/13 MP: 3/3
    52 | D:1      | Found a faded altar of an unknown god.
    61 | D:1      | Got Plato's Collected Works on Confrontation
   155 | D:1      | HP: 3/13 [bat (1)]
   161 | D:1      | Reached XP level 2. HP: 4/18 MP: 0/5
   715 | D:1      | Reached skill level 1 in Poison Magic
   772 | D:1      | HP: 1/18 [frozen (4)]
  1265 | D:1      | Reached XP level 3. HP: 22/23 MP: 4/6
  1789 | D:1      | Learned a level 3 spell: Spider Form
  1882 | D:2      | HP: 5/23 [adder (4)]
  1884 | D:2      | HP: 2/23 [poisoned by an adder]
  1884 | D:2      | Slain by an adder

Vanquished Creatures
  5 endoplasms (D:1)
  5 hobgoblins
  5 jackals (D:1)
  2 quokkas (D:1)
  A ball python (D:1)
  4 bats (D:1)
  5 frilled lizards (D:1)
  4 goblins (D:1)
  4 kobolds
  3 rats (D:1)
38 creatures vanquished.

Table legend:
 A = Non-vault XP
 B = Vault XP
 C = Vault XP percentage of total XP
 D = Non-vault monster count
 E = Vault monster count
 F = Vault count percentage of total count
                 A         B        C        D         E       F
            +---------+---------+-------+---------+---------+-------
      Total |      60 |       0 |   0.0 |      38 |       0 |   0.0
            +---------+---------+-------+---------+---------+-------
        D:1 |      57 |       0 |   0.0 |      36 |       0 |   0.0
        D:2 |       3 |       0 |   0.0 |       2 |       0 |   0.0
            +---------+---------+-------+---------+---------+-------

Illustrated notes

Table legend:
 A = Kills in this place as a percentage of kills in entire the game.
 B = Kills by you in this place as a percentage of kills by you in the entire game.
 C = Kills by friends in this place as a percentage of kills by friends in the entire game.
 D = Other kills in this place as a percentage of other kills in the entire game.
 E = Experience gained in this place as a percentage of experience gained in the entire game.
 F = Experience gained in this place divided by the number of levels of this place that you have seen.
                   A       B       C       D       E      F
               +-------+-------+-------+-------+-------+----------------------
         Total | 100.0 | 100.0 |   N/A |   N/A | 100.0 |  30.0
       Dungeon | 100.0 | 100.0 |   N/A |   N/A | 100.0 |  30.0
               +-------+-------+-------+-------+-------+----------------------

Table legend: (Time is in decaauts)
 A = Elapsed time spent in this place.
 B = Non-inter-level travel time spent in this place.
 C = Inter-level travel time spent in this place.
 D = Time resting spent in this place.
 E = Time spent auto-exploring this place.
 F = Levels seen in this place.
 G = Mean time per level.
                   A        B        C        D        E       F      G
               +--------+--------+--------+--------+--------+-----+--------+
         Total |   1878 |   1875 |      3 |      0 |   1614 |   2 |  939.0 |
       Dungeon |   1878 |   1875 |      3 |      0 |   1614 |   2 |  939.0 |
               +--------+--------+--------+--------+--------+-----+--------+

Top non-repeatable levels by time:
     D:1: 1787 daAuts
     D:2: 91 daAuts
